 Dungeon Crawl Stone Soup version 0.27-a0-951-gae3e1deef5 (webtiles) character file.

Game seed: 15166264661307585313

204 mhtbhm the Digger (level 5, -7/29 HPs)
             Began as a Gargoyle Earth Elementalist on Apr 11, 2021.
             Killed by divine providence
             ... invoked by an orc priest
              (13 damage)
             ... on level 3 of the Dungeon.
             The game lasted 00:03:51 (3803 turns).

mhtbhm the Digger (Gargoyle Earth Elementalist)     Turns: 3803, Time: 00:03:52

Health: -7/29      AC:  6    Str: 12    XL:     5   Next: 82%
Magic:  4/9        EV: 12    Int: 16    God:
Gold:   77         SH:  0    Dex: 10    Spells: 3/9 levels left

rFire    . . .     SeeInvis .   a - +0 flail
rCold    . . .     Faith    .   (no shield)
rNeg     + . .     Spirit   .   c - +0 robe
rPois    ∞         Reflect  .   (no helmet)
rElec    +         Harm     .   (no cloak)
rCorr    .         Rampage  .   (no gloves)
Will     .....                  (no boots)
Stlth    ++........             (no amulet)
HPRegen  0.09/turn              (no ring)
MPRegen  0.11/turn              (no ring)

@: no status effects
A: AC +4, negative energy resistance 1, electricity resistance, torment
resistance 1, unbreathing 1, petrification resistance
a: no special abilities


You were on level 3 of the Dungeon.
You visited 1 branch of the dungeon, and saw 3 of its levels.

You collected 77 gold pieces.

Inventory:

Hand Weapons
 a - a +0 flail (weapon)
Missiles
 b - 60 stones
Armour
 c - a +0 robe (worn)
Wands
 l - a wand of digging (5)
Scrolls
 d - a scroll of blinking
 e - a scroll of identify
 g - a scroll of enchant weapon {unknown}
 k - a scroll of amnesia {unknown}
Potions
 i - 2 potions of berserk rage {unknown}
 j - a potion of lignification {unknown}


   Skills:
 + Level 1.3 Fighting
 + Level 1.5 Maces & Flails
 + Level 2.5 Dodging
 + Level 3.0 Stealth
 + Level 0.1 Unarmed Combat
 + Level 2.8 Spellcasting
 + Level 0.3 Conjurations
 + Level 0.7 Transmutations
 + Level 5.0 Earth Magic


You had 3 spell levels left.
You knew the following spells:

 Your Spells              Type           Power      Damage    Failure   Level
a - Sandblast             Erth           36%        2d10      2%          1
b - Passwall              Tmut/Erth      9%         N/A       9%          2
c - Stone Arrow           Conj/Erth      20%        3d8       19%         3

Your spell library contained the following spells:

 Spells                   Type           Power      Damage    Failure   Level
 Petrify                  Tmut/Erth      11%        N/A       50%         4
 Lee's Rapid Deconstruct  Erth           9%         3d8*      54%         5


Dungeon Overview and Level Annotations

Branches:
Dungeon (3/15)

Altars:


Innate Abilities, Weirdness & Mutations

Your stone body is resilient. (AC +4)
You are immune to poison.
You resist negative energy. (rN+)
You are resistant to electric shocks. (rElec)
You are resistant to unholy torment.
You can survive without breathing.
You are immune to petrification.


Message History

Casting: Sandblast (safe; 2% risk of failure)
Confirm with . or Enter, or press ? or * to list all spells.
Aiming: Sandblast (safe; 2% risk of failure)
Press: ? - help, Shift-Dir - straight line, f/p - orc priest
Aim: an orc priest, wielding a +0 war axe and wearing a +0 chain mail (almost dead, 15% to evade)
The blast of sand hits the orc priest but does no damage.
The orc priest is almost dead.
Unknown command.
Casting: Sandblast (safe; 2% risk of failure)
Confirm with . or Enter, or press ? or * to list all spells.
Okay, then.
Okay, then.
Casting: Sandblast (safe; 2% risk of failure)
Confirm with . or Enter, or press ? or * to list all spells.
Aiming: Sandblast (safe; 2% risk of failure)
Press: ? - help, Shift-Dir - straight line, f/p - orc priest
Aim: an orc priest, wielding a +0 war axe and wearing a +0 chain mail (almost dead, 15% to evade)
The blast of sand hits the orc but does no damage.
Unknown command.
Casting: Sandblast (safe; 2% risk of failure)
Confirm with . or Enter, or press ? or * to list all spells.
Aiming: Sandblast (safe; 2% risk of failure)
Press: ? - help, Shift-Dir - straight line, f/p - orc priest
Aim: an orc priest, wielding a +0 war axe and wearing a +0 chain mail (almost dead, 15% to evade)
The blast of sand hits the orc!
You kill the orc!
The orc priest calls down the wrath of Beogh upon you.
Pain shoots through your body! The orc hits you with a +0 short sword.
* * * LOW HITPOINT WARNING * * *
Unknown command.
Casting: Sandblast (safe; 2% risk of failure)
Confirm with . or Enter, or press ? or * to list all spells.
Aiming: Sandblast (safe; 2% risk of failure)
Press: ? - help, Shift-Dir - straight line, f/p - orc priest
Aim: an orc priest, wielding a +0 war axe and wearing a +0 chain mail (almost dead, 15% to evade)
The blast of sand hits the orc!!
You kill the orc!
The orc priest invokes the aid of Beogh against you.
Beogh smites you!
You die...

...# ...# ########
...# #......# ...#
#......#### ...#
#.......... ...#
#.......... ...#
#.ooo...... ...#
##)#
...############.@##
..........##......#
..........##......#
..........##......#
.......>......#.###
..........##..#.#
..........##..#.#
..........##..#.#
..........###...#


You could see an orc priest and 2 orcs.

Vanquished Creatures
  A water moccasin (D:2)
  4 adders (D:2)
  8 orcs
  5 ball pythons
  6 endoplasms
  3 giant cockroaches
  2 goblins
  A hobgoblin (D:1)
  2 quokkas
  5 bats
  3 frilled lizards
  4 kobolds
  5 rats
49 creatures vanquished.

Notes
Turn   | Place    | Note
-------+----------+-------------------------------------------
     0 | D:1      | mhtbhm the Gargoyle Earth Elementalist began the quest for
                  | the Orb.
     0 | D:1      | Reached XP level 1. HP: 10/10 MP: 3/3
    91 | D:1      | Reached skill level 4 in Earth Magic
   147 | D:1      | Reached XP level 2. HP: 9/15 MP: 5/5
   813 | D:1      | Found a faded altar of an unknown god.
  1484 | D:2      | Reached XP level 3. HP: 19/19 MP: 6/6
  1553 | D:2      | Noticed a water moccasin
  1571 | D:2      | Killed a water moccasin
  1572 | D:2      | Reached skill level 1 in Fighting
  1572 | D:2      | Reached skill level 1 in Maces & Flails
  1572 | D:2      | Reached XP level 4. HP: 6/25 MP: 2/8
  1572 | D:2      | Reached XP level 5. HP: 7/29 MP: 2/9
  1915 | D:2      | Learned a level 2 spell: Passwall
  1919 | D:2      | Learned a level 3 spell: Stone Arrow
  3057 | D:3      | Reached skill level 5 in Earth Magic
  3803 | D:3      | Killed from afar by an orc priest

Illustrated notes

Levels and vault maps discovered:
D:1:      dpeg_arrival_water_temple_mockup, layout_loops_ring,
          chequers_ecumenical_altar_twisty
D:2:      layout_basic
D:3:      layout_rooms

Skill      XL: |  1  2  3  4  5 |
---------------+----------------+-----
Earth Magic    | 4 5 |  5.0
Fighting       | 1 |  1.3
Maces & Flails | 1 |  1.5
Dodging        | 2 |  2.5
Stealth        | 3 |  3.0
Unarmed Combat | |  0.1
Spellcasting   | |  2.8
Conjurations   | |  0.3
Transmutations | |  0.7

Action                   |  1- 3 |  4- 6 || total
-------------------------+-------+-------++-------
Melee: Unarmed           |    12 |       ||    12
       Club              |    70 |    84 ||   154
       Flail             |       |    17 ||    17
 Cast: Sandblast         |    10 |    29 ||    39
       Stone Arrow       |       |     4 ||     4
  Use: Potion            |     1 |     1 ||     2
       Scroll            |       |     2 ||     2
 Stab: Sleeping          |     4 |       ||     4
Armor: Robe              |    42 |    62 ||   104
Dodge: Dodged            |    73 |   131 ||   204

Table legend: (Time is in decaauts)
 A = Elapsed time spent in this place.
 B = Non-inter-level travel time spent in this place.
 C = Inter-level travel time spent in this place.
 D = Time resting spent in this place.
 E = Time spent auto-exploring this place.
 F = Levels seen in this place.
 G = Mean time per level.
                   A        B        C        D        E       F      G
               +--------+--------+--------+--------+--------+-----+--------+
         Total |   3849 |   3821 |     28 |   1014 |   2228 |   3 | 1283.0 |
       Dungeon |   3849 |   3821 |     28 |   1014 |   2228 |   3 | 1283.0 |
               +--------+--------+--------+--------+--------+-----+--------+

Top non-repeatable levels by time:
     D:2: 1963 daAuts
     D:1: 1464 daAuts
     D:3: 421 daAuts
